Description

Standard build order

Build Order

Why is there no SALT encoding or Overwolf build?

    0:01  Probe x2  
    0:24  Pylon  
    0:46  Gateway (Chrono Boost)  
    0:59  Assimilator  Scout with Probe 19
    1:39  Cybernetics Core  
    1:49  Nexus  
    1:51  Pylon  21 Probes
    2:09  Assimilator  2nd on main
    2:32  Robotics Facility  
    2:48  Pylon  27 probes
    3:09  Gateway x2  
    4:03  Pylon x2  
    4:40  Assimilator x2  
    4:42  Nexus  If not harassed
    4:58  Robotics Bay  
    5:00  Forge  
    5:31  Pylon x3  
    6:28  Twilight Council  
    7:27  Templar Archives  
Spawning Tool Build Advisor. Get it on Overwolf

Go to:

Details

  • Created by: idenatin
  • Published on: Jan 31, 2020
  • Modified on: Jan 31, 2020
  • Patch: 4.11.0
Show

Export as new Build Order

Comments (1)

On March 10, 2020, 10:34 a.m., pTpux  said:

I love this build. Opens up much of the fun stuff for protoss

Create an account to comment!